cohdb
Replays
Latest Replays
All Replays
Popular Replays
Top Player Replays
Match Explorer
How It Works
Community
CoH3 Stats
Reddit
Sign in to upload your games and track your stats! →
Sign in with Steam
Match 38644642
Unlisted
Match 38644642
Overview
Messages
Build Orders
End
Construct Barracks
Riflemen Squad
1⁄4-ton 4x4 Truck
Selects Armored Battlegroup
Selects Veteran Crews
Riflemen Squad
Engineer Squad
Riflemen Squad
Construct Medical Station
Grenade Package
Riflemen Squad
Infantry Support Center
M1918 Browning Automatic Rifles
Advanced Logistics
Riflemen Squad
Selects Field Repairs
Construct Tank Depot
Selects War Machine
M18 Hellcat Tank Destroyer
Selects Fast Deploy
M18 Hellcat Tank Destroyer
Engineer Squad
Engineer Squad
Selects M8 Scott SPG
M18 Hellcat Tank Destroyer
Selects UNKNOWN (2160077)
M18 Hellcat Tank Destroyer
Munitions Surplus
M18 Hellcat Tank Destroyer
Riflemen Squad
Riflemen Squad
M18 Hellcat Tank Destroyer
Demolitions Package
Survival Training
Demolitions Package
Field Repairs
ConcernedApe
Hetman
Desert Fox
SPQR
Getagen
Itaca
0
0
Comments
sign in to comment!
No comments posted yet!